Remparts vs Inferno
(R1)
Created - April 25, 2018 at 20:41
Goals
|
| Remparts |
1 |
2 |
4 |
7 |
| Inferno |
0 |
2 |
2 |
4 |
|
Shots
|
| Remparts |
16 |
9 |
10 |
35 |
| Inferno |
11 |
17 |
9 |
37 |
|
1st period
1. Remparts , Pasi Salonen 23 (Ryan Strome 32, Max Reinhart 33) at 10:25
Penalties :
Mathieu Brodeur (Anc) for Tripping (Minor) at 6:08
2nd period
2. Inferno , Cal O'Reilly 32 (Christian Folin 28) at 2:56
3. Inferno , Vladimir Zharkov 50 (David Ullstrom 70) at 3:08
4. Remparts , Pasi Salonen 24 (Kris Russell 25) at 14:21
5. Remparts , Justin Williams 26 (Kris Russell 26) at 19:07
Penalties :
Matt Kassian (Anc) for Holding (Minor) at 3:33
3rd period
6. Remparts , Alex Galchenyuk 49 (Kris Russell 27, Patrick Maroon 6) at 3:01 (SH)
7. Inferno , Christian Folin 6 (Anders Lee 41) at 3:05 (PP)
8. Remparts , Guillaume Desbiens 54 (Alex Galchenyuk 65, Dainius Zubrus 46) at 3:14
9. Inferno , David Ullstrom 44 (Vladimir Zharkov 64, Vladimir Sobotka 45) at 3:24
10. Remparts , Cédric Lalonde-McNicoll 16 (Justin Williams 24, Patrick Maroon 7) at 11:41
11. Remparts , Dainius Zubrus 25 (Alex Galchenyuk 66, Guillaume Desbiens 61) at 11:53
Penalties :
Ryan Strome (Que) for Diving (Minor) at 2:00, David Savard (Anc) for Hooking (Minor) at 3:47, Pasi Salonen (Que) for Hooking (Minor) at 15:37, Guillaume Desbiens (Que) for Holding (Minor) at 15:49
Goalie Stats
Tyler Plante (Que), 33 saves from 37 shots - (0.892), W, 20-22-4, 60:00 minutes
Michael Hutchinson (Anc), 28 saves from 35 shots - (0.800), L, 28-19-3, 60:00 minutes
Players Stats for Remparts
Player Name G A P +/- PIM S H SB GA TA FO MP PP MP PK MP
------------------------------------------------------------------------------------
Alex Galchenyuk 1 2 3 1 0 2 0 0 0 0 0/1 18:50 3:22 0:08
Cédric Lalonde-McNicoll 1 0 1 1 0 4 2 2 0 0 1/2 12:03 0:00 0:25
Chris Mueller 0 0 0 0 0 3 1 0 1 0 3/4 11:01 0:00 0:00
Cody Ceci 0 0 0 1 0 1 1 1 0 0 0/0 23:24 0:00 1:56
Dainius Zubrus 1 1 2 0 0 4 1 0 0 0 17/30 19:30 3:22 0:48
Dale Weise 0 0 0 0 0 0 2 1 0 0 0/0 11:01 0:00 0:00
Erik Gustafsson 0 0 0 1 0 0 0 0 0 0 0/0 12:22 0:00 0:00
Guillaume Desbiens 1 1 2 1 2 3 0 1 1 0 2/3 19:38 3:22 0:19
Justin Williams 1 1 2 1 0 3 1 0 0 1 1/1 11:38 0:00 0:00
Kris Russell 0 3 3 2 0 5 2 0 1 1 0/0 26:03 3:37 1:20
Max Reinhart 0 1 1 2 0 1 1 0 0 1 6/10 17:18 2:35 1:55
Michal Jordan 0 0 0 1 0 2 0 0 0 0 0/0 14:57 2:20 0:00
Mike Weber 0 0 0 1 0 1 1 3 0 2 0/0 22:10 3:37 1:56
Pasi Salonen 2 0 2 2 2 3 1 0 0 0 0/1 16:21 2:35 0:59
Patrick Maroon 0 2 2 1 0 1 1 0 0 0 0/0 11:48 0:00 0:10
Ryan Strome 0 1 1 2 2 1 2 0 1 0 0/0 14:45 2:35 0:00
Tim Bozon 0 0 0 0 0 0 1 0 0 0 0/0 11:01 0:00 0:00
William Colbert 0 0 0 2 0 1 2 1 0 0 0/0 21:04 2:20 1:20
Players Stats for Inferno
Player Name G A P +/- PIM S H SB GA TA FO MP PP MP PK MP
------------------------------------------------------------------------------------
Anders Lee 0 1 1 -2 0 3 2 0 0 0 6/14 17:13 1:51 0:31
Bryan Rust 0 0 0 -1 0 1 0 0 0 0 0/0 11:18 0:11 0:00
Cal O'Reilly 1 0 1 -1 0 2 2 0 1 0 2/5 12:30 0:00 1:32
Christian Folin 1 1 2 0 0 1 0 2 0 0 0/0 21:05 1:57 2:12
Colby Robak 0 0 0 -1 0 2 5 1 0 2 0/0 24:40 1:57 3:10
David Savard 0 0 0 -1 2 0 3 0 0 0 0/0 25:09 0:00 1:58
David Ullstrom 1 1 2 -2 0 5 2 0 1 1 0/2 22:02 1:51 3:30
Esa Lindell 0 0 0 -3 0 0 1 0 0 0 0/0 14:24 1:19 1:17
Greg Pateryn 0 0 0 -3 0 0 1 0 0 0 0/0 15:01 1:19 1:30
Kyle Palmieri 0 0 0 -1 0 2 2 0 1 0 0/0 14:24 1:14 0:00
Mathieu Brodeur 0 0 0 0 2 2 2 2 0 0 0/0 21:37 0:00 1:47
Matt Kassian 0 0 0 -1 2 0 1 0 1 0 0/0 12:59 0:00 0:00
Matthew Nieto 0 0 0 0 0 2 1 0 0 0 0/0 11:04 0:11 0:55
Philip Varone 0 0 0 0 0 2 1 0 0 1 0/1 9:21 1:14 0:00
Tanner Pearson 0 0 0 -1 0 2 2 0 0 0 0/1 12:11 1:14 0:00
Tyler Shattock 0 0 0 0 0 2 0 0 0 0 0/0 8:28 0:11 0:00
Vladimir Sobotka 0 1 1 -1 0 6 1 1 0 0 13/28 20:11 0:00 3:30
Vladimir Zharkov 1 1 2 -2 0 5 4 1 1 0 1/1 20:23 1:51 1:56
3 Stars
1 - Kris Russell (Que)
2 - Alex Galchenyuk (Que)
3 - Pasi Salonen (Que)
Power Play
Remparts - 0 on 3 Attempt(s) - 0.00%
Inferno - 1 on 3 Attempt(s) - 33.33%
Penalty Kill
Remparts - 2 on 3 Attempt(s) - 66.67%
- Score 1 goal in Penalty Kill
Inferno - 3 on 3 Attempt(s) - 100.00%
- Score 0 goal in Penalty Kill
Team Stat
Remparts - Hits : 19 - Faceoff Wins : 30 - Blocked Shots : 9 - Penalty Minutes : 6
Inferno - Hits : 30 - Faceoff Wins : 22 - Blocked Shots : 7 - Penalty Minutes : 6
Official
Referees : Jackson Dave and Watson Brad
Linesman : Derek Nansen and Mark Wheler
Game Notes
No Game Note
Finance
Level 1 -- Attendance: 1610 (80.50%) -- Ticket Income $64,400
Level 2 -- Attendance: 751 (75.10%) -- Ticket Income $15,020
Total Attendance: 2361 (78.70%)
Total Ticket Income: $79,420
Other Income: $3,971
Total Income: $83,391
Remparts
5 vs 5 Forward
Center Left Wing Right Wing Time % Phy DF OF
1 Dainius Zubrus Alex Galchenyuk Guillaume Desbiens 40 1 2 2
2 Max Reinhart Pasi Salonen Ryan Strome 30 1 2 2
3 Cédric Lalonde-McNicoll Patrick Maroon Justin Williams 20 1 2 2
4 Chris Mueller Tim Bozon Dale Weise 10 1 2 2
5 vs 5 Defense
Defense Defense Time % Phy DF OF
1 Kris Russell Cody Ceci 40 1 2 2
2 William Colbert Mike Weber 30 1 2 2
3 Michal Jordan Erik Gustafsson 20 1 2 2
4 Kris Russell Cody Ceci 10 1 2 2
PowerPlay Forward
Center Left Wing Right Wing Time % Phy DF OF
1 Dainius Zubrus Alex Galchenyuk Guillaume Desbiens 60 1 2 2
2 Max Reinhart Pasi Salonen Ryan Strome 40 1 2 2
PowerPlay Defense
Defense Defense Time % Phy DF OF
1 Kris Russell Mike Weber 60 1 2 2
2 William Colbert Michal Jordan 40 1 2 2
Penalty Kill 4 Players Forward
Center Wing Time % Phy DF OF
1 Max Reinhart Pasi Salonen 60 1 2 2
2 Cédric Lalonde-McNicoll Patrick Maroon 40 1 2 2
Penalty Kill 4 Players Defense
Defense Defense Time % Phy DF OF
1 Cody Ceci Mike Weber 60 1 2 2
2 William Colbert Kris Russell 40 1 2 2
Penalty Kill - 3 Players Forward
Forward Time % Phy DF OF
1 Max Reinhart 60 1 2 2
2 Cédric Lalonde-McNicoll 40 1 2 2
Penalty Kill - 3 Players Defense
Defense Defense Time % Phy DF OF
1 Cody Ceci Mike Weber 60 1 2 2
2 William Colbert Kris Russell 40 1 2 2
4 vs 4 Forward
Center Wing Time % Phy DF OF
1 Dainius Zubrus Alex Galchenyuk 60 1 2 2
2 Max Reinhart Guillaume Desbiens 40 1 2 2
4 vs 4 Defense
Defense Defense Time % Phy DF OF
1 Kris Russell Cody Ceci 60 1 2 2
2 William Colbert Mike Weber 40 1 2 2
Last Minutes Offensive
Center Left Wing Right Wing Defense Defense
Dainius Zubrus Alex Galchenyuk Guillaume Desbiens Kris Russell Mike Weber
Last Minutes Defensive
Center Left Wing Right Wing Defense Defense
Max Reinhart Pasi Salonen Guillaume Desbiens Cody Ceci Mike Weber
Goaltenders
Starting : Tyler Plante
Backup : Igor Bobkov
Extra Forwards
Normal : Max Reinhart, Alex Galchenyuk, Guillaume Desbiens - PP : Max Reinhart, Alex Galchenyuk - PK : Guillaume Desbiens
Extra Defensemen
Normal : William Colbert, Cody Ceci, Mike Weber - PP : Cody Ceci - PK : Erik Gustafsson, Michal Jordan
Penalty Shots
Alex Galchenyuk, Pasi Salonen, Justin Williams, Dainius Zubrus, Cédric Lalonde-McNicoll
Scratches
Johannes Salmonsson (Herniated Disc Injury), Griffin Reinhart (Healthy), Michael Paliotta (Healthy), Anton Zlobin (Healthy), Mitchell Heard (Healthy)
Brandon Mashinter (Healthy), François Brassard (Healthy)
Inferno
5 vs 5 Forward
Center Left Wing Right Wing Time % Phy DF OF
1 Vladimir Sobotka David Ullstrom Vladimir Zharkov 40 1 2 2
2 Anders Lee Matt Kassian Kyle Palmieri 30 1 2 2
3 Cal O'Reilly Tanner Pearson Bryan Rust 20 1 2 2
4 Philip Varone Matthew Nieto Tyler Shattock 10 1 2 2
5 vs 5 Defense
Defense Defense Time % Phy DF OF
1 Colby Robak David Savard 40 1 2 2
2 Mathieu Brodeur Christian Folin 30 1 2 2
3 Greg Pateryn Esa Lindell 20 1 2 2
4 Mathieu Brodeur David Savard 10 1 2 2
PowerPlay Forward
Center Left Wing Right Wing Time % Phy DF OF
1 Anders Lee David Ullstrom Vladimir Zharkov 60 1 2 2
2 Philip Varone Tanner Pearson Kyle Palmieri 40 1 2 2
PowerPlay Defense
Defense Defense Time % Phy DF OF
1 Colby Robak Christian Folin 60 1 2 2
2 Greg Pateryn Esa Lindell 40 1 2 2
Penalty Kill 4 Players Forward
Center Wing Time % Phy DF OF
1 Vladimir Sobotka David Ullstrom 60 1 2 2
2 Cal O'Reilly Vladimir Zharkov 40 1 2 2
Penalty Kill 4 Players Defense
Defense Defense Time % Phy DF OF
1 Colby Robak David Savard 60 1 2 2
2 Mathieu Brodeur Christian Folin 40 1 2 2
Penalty Kill - 3 Players Forward
Forward Time % Phy DF OF
1 Vladimir Sobotka 60 1 2 2
2 David Ullstrom 40 1 2 2
Penalty Kill - 3 Players Defense
Defense Defense Time % Phy DF OF
1 Colby Robak David Savard 60 1 2 2
2 Mathieu Brodeur Christian Folin 40 1 2 2
4 vs 4 Forward
Center Wing Time % Phy DF OF
1 Vladimir Sobotka Kyle Palmieri 60 1 2 2
2 Anders Lee David Ullstrom 40 1 2 2
4 vs 4 Defense
Defense Defense Time % Phy DF OF
1 Colby Robak David Savard 60 1 2 2
2 Mathieu Brodeur Christian Folin 40 1 2 2
Last Minutes Offensive
Center Left Wing Right Wing Defense Defense
Vladimir Sobotka David Ullstrom Vladimir Zharkov Colby Robak David Savard
Last Minutes Defensive
Center Left Wing Right Wing Defense Defense
Vladimir Sobotka David Ullstrom Vladimir Zharkov Colby Robak David Savard
Goaltenders
Starting : Michael Hutchinson
Backup : Christopher Gibson
Extra Forwards
Normal : Anders Lee, Kyle Palmieri, Bryan Rust - PP : Tanner Pearson, Bryan Rust - PK : Vladimir Zharkov
Extra Defensemen
Normal : Mathieu Brodeur, Christian Folin, Greg Pateryn - PP : Esa Lindell - PK : Mathieu Brodeur, Greg Pateryn
Penalty Shots
Anders Lee, Vladimir Zharkov, Tanner Pearson, Bryan Rust, Matt Kassian
Scratches
Chris Brown (Healthy), Victor Rask (Healthy), Frank Corrado (Healthy), Ryan Spooner (Healthy), Joakim Nordstrom (Healthy)
Trevor Carrick (Healthy), Petteri Lindbohm (Healthy), Daniil Tarasov (Healthy), Branden Troock (Healthy), Simon Danis-Pepin (Healthy)
Luca Sbisa (Healthy), Nathan Lieuwen (Healthy)
% Time on Ice - Remparts
Lines # - Real PCT - Wanted PCT - Time Play
Normal Forward
1 - 31% - 40% - 15:57
2 - 24% - 30% - 12:11
3 - 23% - 20% - 11:38
4 - 22% - 10% - 11:01
Normal Defense
1 - 38% - 40% - 19:28
2 - 33% - 30% - 16:51
3 - 24% - 20% - 12:22
4 - 4% - 10% - 2:06
PP Forward
1 - 57% - 60% - 3:22
2 - 43% - 40% - 2:35
PP Defense
1 - 61% - 60% - 3:37
2 - 39% - 40% - 2:20
PK Forward
1 - 89% - 60% - 1:19
2 - 11% - 40% - 0:10
PK Defense
1 - 51% - 60% - 0:45
2 - 49% - 40% - 0:44
PK3 Forward
1 - 86% - 60% - 1:32
2 - 14% - 40% - 0:15
PK3 Defense
1 - 66% - 60% - 1:11
2 - 34% - 40% - 0:36
44 Forward
1 - 0% - 60%
2 - 0% - 40%
44 Defense
1 - 0% - 60%
2 - 0% - 40%
Last Minute Offensive - 0:00
Last Minute Defensive - 0:00
Total
Forward - 60:00
Defense - 60:00
|
% Time on Ice - Inferno
Lines # - Real PCT - Wanted PCT - Time Play
Normal Forward
1 - 37% - 40% - 18:48
2 - 25% - 30% - 12:55
3 - 22% - 20% - 10:57
4 - 16% - 10% - 8:07
Normal Defense
1 - 38% - 40% - 19:33
2 - 33% - 30% - 16:33
3 - 22% - 20% - 11:23
4 - 6% - 10% - 3:18
PP Forward
1 - 62% - 60% - 2:02
2 - 38% - 40% - 1:14
PP Defense
1 - 60% - 60% - 1:57
2 - 40% - 40% - 1:19
PK Forward
1 - 74% - 60% - 4:25
2 - 26% - 40% - 1:32
PK Defense
1 - 63% - 60% - 3:45
2 - 37% - 40% - 2:12
PK3 Forward
1 - 0% - 60%
2 - 0% - 40%
PK3 Defense
1 - 0% - 60%
2 - 0% - 40%
44 Forward
1 - 0% - 60%
2 - 0% - 40%
44 Defense
1 - 0% - 60%
2 - 0% - 40%
Last Minute Offensive - 0:00
Last Minute Defensive - 0:00
Total
Forward - 60:00
Defense - 60:00
|
Play by Play
1st period
0:01 of 1st period - Dainius Zubrus wins face-off versus Vladimir Sobotka in neutral zone.
0:12 of 1st period - Snap shot by Dainius Zubrus.
0:12 of 1st period - Deflect By David Ullstrom.
0:12 of 1st period - Stopped by Michael Hutchinson with a rebound.
0:14 of 1st period - Snap shot by Cody Ceci.
0:14 of 1st period - Deflect By Guillaume Desbiens.
0:14 of 1st period - Shot Misses the Net.
0:14 of 1st period - Puck is out of play.
0:15 of 1st period - Anders Lee wins face-off versus Max Reinhart in Inferno zone.
0:22 of 1st period - Mike Weber is hit by Anders Lee and loses puck.
0:41 of 1st period - Christian Folin is hit by Justin Williams and loses puck.
1:04 of 1st period - Mathieu Brodeur is hit by Dale Weise and loses puck.
1:17 of 1st period - Snap shot by Tanner Pearson.
1:17 of 1st period - Stopped by Tyler Plante with a rebound.
1:27 of 1st period - Slapshot by Tanner Pearson.
1:27 of 1st period - Deflect By Cal O'Reilly.
1:27 of 1st period - Shot Misses the Net.
1:27 of 1st period - Puck is out of play.
1:28 of 1st period - Dainius Zubrus wins face-off versus David Ullstrom in Remparts zone.
2:54 of 1st period - Off-side.
2:55 of 1st period - Chris Mueller wins face-off versus Anders Lee in neutral zone.
2:58 of 1st period - Wrist shot by Kris Russell.
2:58 of 1st period - Deflect By Kyle Palmieri.
2:58 of 1st period - Stopped by Michael Hutchinson without a rebound.
2:59 of 1st period - Chris Mueller wins face-off versus Anders Lee in Inferno zone.
3:00 of 1st period - Slapshot by Kris Russell.
3:00 of 1st period - Stopped by Michael Hutchinson with a rebound.
3:06 of 1st period - Slapshot by Kris Russell.
3:06 of 1st period - Stopped by Michael Hutchinson with a rebound.
3:08 of 1st period - Wrist shot by Kris Russell.
3:08 of 1st period - Shot Misses the Net.
3:18 of 1st period - Cody Ceci is hit by Kyle Palmieri and loses puck.
3:52 of 1st period - Slapshot by Kris Russell.
3:52 of 1st period - Stopped by Michael Hutchinson with a rebound.
4:21 of 1st period - Wrist shot by Chris Mueller.
4:21 of 1st period - Stopped by Michael Hutchinson with a rebound.
4:23 of 1st period - Snap shot by Chris Mueller.
4:23 of 1st period - Stopped by Michael Hutchinson with a rebound.
4:25 of 1st period - Slapshot by Kris Russell.
4:25 of 1st period - Stopped by Michael Hutchinson with a rebound.
4:27 of 1st period - Slapshot by Cody Ceci.
4:27 of 1st period - Deflect By Chris Mueller.
4:27 of 1st period - Stopped by Michael Hutchinson without a rebound.
4:28 of 1st period - Vladimir Sobotka wins face-off versus Dainius Zubrus in Inferno zone.
5:23 of 1st period - Off-side.
5:24 of 1st period - Guillaume Desbiens wins face-off versus Cal O'Reilly in neutral zone.
5:33 of 1st period - Snap shot by Dainius Zubrus.
5:33 of 1st period - Stopped by Michael Hutchinson with a rebound.
6:08 of 1st period - Minor Penalty to Mathieu Brodeur for Tripping.
6:09 of 1st period - Vladimir Sobotka wins face-off versus Dainius Zubrus in Inferno zone.
6:19 of 1st period - Snap shot by David Ullstrom.
6:19 of 1st period - Shot Blocked by Mike Weber.
6:21 of 1st period - Wrist shot by David Ullstrom.
6:21 of 1st period - Deflect By Dainius Zubrus.
6:21 of 1st period - Shot Misses the Net.
6:21 of 1st period - Puck is out of play.
6:22 of 1st period - Dainius Zubrus wins face-off versus Vladimir Sobotka in Remparts zone.
6:22 of 1st period - Dainius Zubrus is hit by Vladimir Sobotka.
8:08 of 1st period - Penalty to Mathieu Brodeur is over, Mathieu Brodeur is back on ice.
8:33 of 1st period - Chris Mueller is hit by Philip Varone and loses puck.
9:14 of 1st period - Snap shot by Anders Lee.
9:14 of 1st period - Shot Misses the Net.
9:16 of 1st period - Slapshot by David Savard.
9:16 of 1st period - Shot Blocked by Cédric Lalonde-McNicoll.
9:18 of 1st period - Slapshot by Colby Robak.
9:18 of 1st period - Stopped by Tyler Plante with a rebound.
9:20 of 1st period - Snap shot by Colby Robak.
9:20 of 1st period - Deflect By Anders Lee.
9:20 of 1st period - Stopped by Tyler Plante without a rebound.
9:21 of 1st period - Vladimir Sobotka wins face-off versus Max Reinhart in Remparts zone.
9:38 of 1st period - Off-side.
9:39 of 1st period - Cal O'Reilly wins face-off versus Chris Mueller in neutral zone.
9:50 of 1st period - Slapshot by Mike Weber.
9:50 of 1st period - Shot Blocked by Mathieu Brodeur.
9:52 of 1st period - Slapshot by Mike Weber.
9:52 of 1st period - Deflect By Cal O'Reilly.
9:52 of 1st period - Stopped by Michael Hutchinson with a rebound.
10:15 of 1st period - Wrist shot by David Ullstrom.
10:15 of 1st period - Stopped by Tyler Plante with a rebound.
10:17 of 1st period - Wrist shot by Mathieu Brodeur.
10:17 of 1st period - Stopped by Tyler Plante without a rebound.
10:18 of 1st period - Max Reinhart wins face-off versus Anders Lee in Remparts zone.
10:25 of 1st period - Snap shot by Pasi Salonen.
10:25 of 1st period - Goal by Pasi Salonen - Remparts : 1 - Inferno : 0.
10:26 of 1st period - Vladimir Sobotka wins face-off versus Dainius Zubrus in neutral zone.
10:29 of 1st period - Wrist shot by Vladimir Sobotka.
10:29 of 1st period - Stopped by Tyler Plante with a rebound.
10:31 of 1st period - Snap shot by Vladimir Sobotka.
10:31 of 1st period - Stopped by Tyler Plante with a rebound.
10:53 of 1st period - Dainius Zubrus is hit by Colby Robak and loses puck.
11:18 of 1st period - Christian Folin is hit by Ryan Strome and loses puck.
12:46 of 1st period - Wrist shot by Kyle Palmieri.
12:46 of 1st period - Stopped by Tyler Plante with a rebound.
12:48 of 1st period - Slapshot by Anders Lee.
12:48 of 1st period - Shot Misses the Net.
12:50 of 1st period - Snap shot by Kyle Palmieri.
12:50 of 1st period - Shot Misses the Net.
12:52 of 1st period - Snap shot by Anders Lee.
12:52 of 1st period - Shot Misses the Net.
12:54 of 1st period - Snap shot by Kyle Palmieri.
12:54 of 1st period - Shot Misses the Net.
13:26 of 1st period - Slapshot by Pasi Salonen.
13:26 of 1st period - Shot Misses the Net.
13:28 of 1st period - Slapshot by Michal Jordan.
13:28 of 1st period - Deflect By Vladimir Zharkov.
13:28 of 1st period - Stopped by Michael Hutchinson with a rebound.
13:30 of 1st period - Slapshot by Erik Gustafsson.
13:30 of 1st period - Shot Blocked by Colby Robak.
14:13 of 1st period - Snap shot by Anders Lee.
14:13 of 1st period - Stopped by Tyler Plante with a rebound.
14:53 of 1st period - Wrist shot by Dainius Zubrus.
14:53 of 1st period - Shot Misses the Net.
15:09 of 1st period - Slapshot by Cédric Lalonde-McNicoll.
15:09 of 1st period - Shot Misses the Net.
15:52 of 1st period - Icing by Alex Galchenyuk.
15:53 of 1st period - Vladimir Sobotka wins face-off versus Dainius Zubrus in Remparts zone.
16:05 of 1st period - Dainius Zubrus is hit by Vladimir Zharkov and loses puck.
16:17 of 1st period - Off-side.
16:18 of 1st period - Max Reinhart wins face-off versus Anders Lee in neutral zone.
16:31 of 1st period - Snap shot by Ryan Strome.
16:31 of 1st period - Stopped by Michael Hutchinson with a rebound.
16:33 of 1st period - Slapshot by Cody Ceci.
16:33 of 1st period - Stopped by Michael Hutchinson with a rebound.
16:47 of 1st period - Cody Ceci is hit by Colby Robak and loses puck.
16:54 of 1st period - Wrist shot by David Ullstrom.
16:54 of 1st period - Stopped by Tyler Plante without a rebound.
16:55 of 1st period - Dainius Zubrus wins face-off versus Vladimir Sobotka in Remparts zone.
17:08 of 1st period - Wrist shot by Dainius Zubrus.
17:08 of 1st period - Shot Misses the Net.
17:10 of 1st period - Slapshot by Dainius Zubrus.
17:10 of 1st period - Shot Blocked by Vladimir Sobotka.
17:51 of 1st period - Snap shot by Cal O'Reilly.
17:51 of 1st period - Stopped by Tyler Plante with a rebound.
18:45 of 1st period - Pasi Salonen is hit by David Savard and loses puck.
19:13 of 1st period - Backhand shot by Dainius Zubrus.
19:13 of 1st period - Shot Blocked by Christian Folin.
19:15 of 1st period - Slapshot by Michal Jordan.
19:15 of 1st period - Stopped by Michael Hutchinson with a rebound.
19:25 of 1st period - Cédric Lalonde-McNicoll is hit by Cal O'Reilly and loses puck.
19:41 of 1st period - Icing by Cal O'Reilly.
19:42 of 1st period - Chris Mueller wins face-off versus Philip Varone in Inferno zone.
Goals for this period are 1 for Remparts vs 0 for Inferno.
Shots for this period are 16 for Remparts vs 11 for Inferno.
2nd period
0:01 of 2nd period - Vladimir Sobotka wins face-off versus Alex Galchenyuk in neutral zone.
0:16 of 2nd period - Snap shot by Vladimir Sobotka.
0:16 of 2nd period - Stopped by Tyler Plante with a rebound.
0:32 of 2nd period - Snap shot by Anders Lee.
0:32 of 2nd period - Shot Misses the Net.
0:34 of 2nd period - Slapshot by Colby Robak.
0:34 of 2nd period - Deflect By Anders Lee.
0:34 of 2nd period - Shot Blocked by William Colbert.
0:34 of 2nd period - Puck is out of play.
0:35 of 2nd period - Max Reinhart wins face-off versus Anders Lee in Remparts zone.
0:47 of 2nd period - Off-side.
0:48 of 2nd period - Vladimir Sobotka wins face-off versus Dainius Zubrus in neutral zone.
1:13 of 2nd period - Colby Robak is hit by Max Reinhart and loses puck.
2:06 of 2nd period - Snap shot by Vladimir Sobotka.
2:06 of 2nd period - Stopped by Tyler Plante without a rebound.
2:07 of 2nd period - Dainius Zubrus wins face-off versus Anders Lee in Remparts zone.
2:20 of 2nd period - Snap shot by Dainius Zubrus.
2:20 of 2nd period - Stopped by Michael Hutchinson with a rebound.
2:48 of 2nd period - Icing by Christian Folin.
2:49 of 2nd period - Cédric Lalonde-McNicoll wins face-off versus Cal O'Reilly in Inferno zone.
2:56 of 2nd period - Slapshot by Cal O'Reilly.
2:56 of 2nd period - Goal by Cal O'Reilly - Remparts : 1 - Inferno : 1.
2:57 of 2nd period - Vladimir Zharkov wins face-off versus Guillaume Desbiens in neutral zone.
3:06 of 2nd period - Wrist shot by David Ullstrom.
3:06 of 2nd period - Stopped by Tyler Plante with a rebound.
3:08 of 2nd period - Wrist shot by Vladimir Zharkov.
3:08 of 2nd period - Goal by Vladimir Zharkov - Remparts : 1 - Inferno : 2.
3:09 of 2nd period - Vladimir Sobotka wins face-off versus Dainius Zubrus in neutral zone.
3:20 of 2nd period - Wrist shot by Vladimir Zharkov.
3:20 of 2nd period - Shot Blocked by Cody Ceci.
3:33 of 2nd period - Minor Penalty to Matt Kassian for Holding.
3:34 of 2nd period - Dainius Zubrus wins face-off versus Vladimir Sobotka in Inferno zone.
3:35 of 2nd period - Wrist shot by Guillaume Desbiens.
3:35 of 2nd period - Stopped by Michael Hutchinson with a rebound.
3:37 of 2nd period - Slapshot by Alex Galchenyuk.
3:37 of 2nd period - Stopped by Michael Hutchinson without a rebound.
3:38 of 2nd period - Dainius Zubrus wins face-off versus Vladimir Sobotka in Inferno zone.
3:58 of 2nd period - Icing by Alex Galchenyuk.
3:59 of 2nd period - Dainius Zubrus wins face-off versus Vladimir Sobotka in Remparts zone.
4:24 of 2nd period - Snap shot by Pasi Salonen.
4:24 of 2nd period - Shot Misses the Net.
4:56 of 2nd period - Slapshot by Matthew Nieto.
4:56 of 2nd period - Shot Misses the Net.
4:58 of 2nd period - Wrist shot by Vladimir Zharkov.
4:58 of 2nd period - Stopped by Tyler Plante with a rebound.
5:00 of 2nd period - Wrist shot by Matthew Nieto.
5:00 of 2nd period - Stopped by Tyler Plante without a rebound.
5:01 of 2nd period - Max Reinhart wins face-off versus Vladimir Sobotka in Remparts zone.
5:33 of 2nd period - Penalty to Matt Kassian is over, Matt Kassian is back on ice.
6:17 of 2nd period - Slapshot by Chris Mueller.
6:17 of 2nd period - Shot Misses the Net.
7:17 of 2nd period - Snap shot by David Ullstrom.
7:17 of 2nd period - Stopped by Tyler Plante with a rebound.
7:27 of 2nd period - Mike Weber is hit by David Savard and loses puck.
7:42 of 2nd period - Snap shot by Guillaume Desbiens.
7:42 of 2nd period - Stopped by Michael Hutchinson without a rebound.
7:43 of 2nd period - Cal O'Reilly wins face-off versus Dainius Zubrus in Inferno zone.
7:54 of 2nd period - Slapshot by Tanner Pearson.
7:54 of 2nd period - Stopped by Tyler Plante without a rebound.
7:55 of 2nd period - Dainius Zubrus wins face-off versus David Ullstrom in Remparts zone.
8:27 of 2nd period - Snap shot by Pasi Salonen.
8:27 of 2nd period - Stopped by Michael Hutchinson with a rebound.
8:29 of 2nd period - Wrist shot by Pasi Salonen.
8:29 of 2nd period - Shot Misses the Net.
9:15 of 2nd period - Slapshot by Matthew Nieto.
9:15 of 2nd period - Deflect By Philip Varone.
9:15 of 2nd period - Stopped by Tyler Plante with a rebound.
10:02 of 2nd period - Anders Lee is hit by Pasi Salonen and loses puck.
10:25 of 2nd period - Snap shot by Bryan Rust.
10:25 of 2nd period - Deflect By Michal Jordan.
10:25 of 2nd period - Stopped by Tyler Plante with a rebound.
10:55 of 2nd period - Kris Russell is hit by Greg Pateryn and loses puck.
11:02 of 2nd period - Matthew Nieto is hit by Dale Weise and loses puck.
11:27 of 2nd period - Max Reinhart is hit by Tanner Pearson and loses puck.
12:38 of 2nd period - Erik Gustafsson is hit by Colby Robak and loses puck.
13:18 of 2nd period - Snap shot by Colby Robak.
13:18 of 2nd period - Shot Blocked by Cédric Lalonde-McNicoll.
14:21 of 2nd period - Wrist shot by Pasi Salonen.
14:21 of 2nd period - Goal by Pasi Salonen - Remparts : 2 - Inferno : 2.
14:22 of 2nd period - Vladimir Sobotka wins face-off versus Dainius Zubrus in neutral zone.
14:26 of 2nd period - Mathieu Brodeur is hit by Kris Russell and loses puck.
14:47 of 2nd period - Snap shot by Justin Williams.
14:47 of 2nd period - Deflect By Patrick Maroon.
14:47 of 2nd period - Stopped by Michael Hutchinson with a rebound.
15:17 of 2nd period - Snap shot by David Ullstrom.
15:17 of 2nd period - Deflect By Vladimir Zharkov.
15:17 of 2nd period - Stopped by Tyler Plante with a rebound.
15:19 of 2nd period - Snap shot by Vladimir Sobotka.
15:19 of 2nd period - Shot Blocked by Mike Weber.
15:27 of 2nd period - Snap shot by Vladimir Sobotka.
15:27 of 2nd period - Shot Blocked by Mike Weber.
15:29 of 2nd period - Snap shot by Vladimir Sobotka.
15:29 of 2nd period - Stopped by Tyler Plante with a rebound.
15:31 of 2nd period - Slapshot by Mathieu Brodeur.
15:31 of 2nd period - Stopped by Tyler Plante without a rebound.
15:32 of 2nd period - Anders Lee wins face-off versus Dainius Zubrus in Remparts zone.
15:57 of 2nd period - Kyle Palmieri is hit by Kris Russell and loses puck.
16:44 of 2nd period - Snap shot by Matthew Nieto.
16:44 of 2nd period - Shot Blocked by Guillaume Desbiens.
16:46 of 2nd period - Wrist shot by Tyler Shattock.
16:46 of 2nd period - Stopped by Tyler Plante without a rebound.
16:47 of 2nd period - Dainius Zubrus wins face-off versus Tanner Pearson in Remparts zone.
17:24 of 2nd period - Snap shot by Philip Varone.
17:24 of 2nd period - Deflect By Matthew Nieto.
17:24 of 2nd period - Stopped by Tyler Plante with a rebound.
17:26 of 2nd period - Wrist shot by Tyler Shattock.
17:26 of 2nd period - Stopped by Tyler Plante with a rebound.
17:36 of 2nd period - Vladimir Zharkov is hit by Patrick Maroon and loses puck.
17:47 of 2nd period - Slapshot by Cédric Lalonde-McNicoll.
17:47 of 2nd period - Stopped by Michael Hutchinson with a rebound.
17:49 of 2nd period - Slapshot by Michal Jordan.
17:49 of 2nd period - Shot Misses the Net.
18:39 of 2nd period - Esa Lindell is hit by Mike Weber and loses puck.
19:07 of 2nd period - Snap shot by Justin Williams.
19:07 of 2nd period - Goal by Justin Williams - Remparts : 3 - Inferno : 2.
19:08 of 2nd period - Guillaume Desbiens wins face-off versus Vladimir Sobotka in neutral zone.
19:34 of 2nd period - Mathieu Brodeur is hit by Ryan Strome and loses puck.
Goals for this period are 2 for Remparts vs 2 for Inferno.
Shots for this period are 9 for Remparts vs 17 for Inferno.
3rd period
0:01 of 3rd period - Vladimir Sobotka wins face-off versus Dainius Zubrus in neutral zone.
0:16 of 3rd period - Wrist shot by Vladimir Sobotka.
0:16 of 3rd period - Stopped by Tyler Plante without a rebound.
0:17 of 3rd period - Anders Lee wins face-off versus Pasi Salonen in Remparts zone.
0:49 of 3rd period - Wrist shot by Guillaume Desbiens.
0:49 of 3rd period - Shot Blocked by Vladimir Zharkov.
0:51 of 3rd period - Snap shot by Dainius Zubrus.
0:51 of 3rd period - Shot Misses the Net.
1:23 of 3rd period - Wrist shot by Matthew Nieto.
1:23 of 3rd period - Shot Misses the Net.
1:29 of 3rd period - Slapshot by Mike Weber.
1:29 of 3rd period - Shot Misses the Net.
1:31 of 3rd period - Slapshot by William Colbert.
1:31 of 3rd period - Stopped by Michael Hutchinson with a rebound.
1:46 of 3rd period - Slapshot by Michal Jordan.
1:46 of 3rd period - Shot Blocked by Christian Folin.
2:00 of 3rd period - Minor Penalty to Ryan Strome for Diving.
2:01 of 3rd period - Max Reinhart wins face-off versus Anders Lee in Remparts zone.
2:01 of 3rd period - Max Reinhart is hit by Vladimir Zharkov.
2:16 of 3rd period - Mike Weber is hit by David Ullstrom and loses puck.
2:35 of 3rd period - Slapshot by Colby Robak.
2:35 of 3rd period - Stopped by Tyler Plante with a rebound.
2:37 of 3rd period - Wrist shot by Philip Varone.
2:37 of 3rd period - Stopped by Tyler Plante with a rebound.
2:39 of 3rd period - Snap shot by Philip Varone.
2:39 of 3rd period - Shot Misses the Net.
3:01 of 3rd period - Snap shot by Alex Galchenyuk.
3:01 of 3rd period - Goal by Alex Galchenyuk - Remparts : 4 - Inferno : 2.
3:02 of 3rd period - Anders Lee wins face-off versus Max Reinhart in neutral zone.
3:05 of 3rd period - Backhand shot by Christian Folin.
3:05 of 3rd period - Goal by Christian Folin - Remparts : 4 - Inferno : 3.
3:06 of 3rd period - Dainius Zubrus wins face-off versus Vladimir Sobotka in neutral zone.
3:06 of 3rd period - Guillaume Desbiens is hit by Vladimir Zharkov and loses puck.
3:10 of 3rd period - Off-side.
3:11 of 3rd period - Dainius Zubrus wins face-off versus Vladimir Sobotka in neutral zone.
3:14 of 3rd period - Snap shot by Alex Galchenyuk.
3:14 of 3rd period - Deflect By Guillaume Desbiens.
3:14 of 3rd period - Goal by Guillaume Desbiens - Remparts : 5 - Inferno : 3.
3:15 of 3rd period - Vladimir Sobotka wins face-off versus Dainius Zubrus in neutral zone.
3:24 of 3rd period - Snap shot by Vladimir Zharkov.
3:24 of 3rd period - Deflect By David Ullstrom.
3:24 of 3rd period - Goal by David Ullstrom - Remparts : 5 - Inferno : 4.
3:25 of 3rd period - Dainius Zubrus wins face-off versus Vladimir Sobotka in neutral zone.
3:47 of 3rd period - Minor Penalty to David Savard for Hooking.
3:48 of 3rd period - Dainius Zubrus wins face-off versus Vladimir Sobotka in Inferno zone.
4:15 of 3rd period - Mike Weber is hit by Mathieu Brodeur and loses puck.
4:24 of 3rd period - Slapshot by Mike Weber.
4:24 of 3rd period - Deflect By Max Reinhart.
4:24 of 3rd period - Stopped by Michael Hutchinson with a rebound.
5:00 of 3rd period - Dainius Zubrus is hit by Colby Robak and loses puck.
5:33 of 3rd period - Dainius Zubrus is hit by Anders Lee.
5:47 of 3rd period - Penalty to David Savard is over, David Savard is back on ice.
5:49 of 3rd period - Wrist shot by David Savard.
5:49 of 3rd period - Shot Misses the Net.
5:55 of 3rd period - Anders Lee is hit by Cédric Lalonde-McNicoll and loses puck.
6:14 of 3rd period - David Savard is hit by Tim Bozon and loses puck.
6:23 of 3rd period - Dale Weise is hit by David Savard and loses puck.
6:53 of 3rd period - Slapshot by Erik Gustafsson.
6:53 of 3rd period - Shot Blocked by Mathieu Brodeur.
7:06 of 3rd period - Slapshot by David Savard.
7:06 of 3rd period - Shot Misses the Net.
7:21 of 3rd period - Snap shot by David Savard.
7:21 of 3rd period - Shot Misses the Net.
7:43 of 3rd period - Snap shot by Anders Lee.
7:43 of 3rd period - Deflect By Matthew Nieto.
7:43 of 3rd period - Shot Misses the Net.
7:43 of 3rd period - Puck is out of play.
7:44 of 3rd period - Vladimir Sobotka wins face-off versus Dainius Zubrus in Remparts zone.
8:18 of 3rd period - Erik Gustafsson is hit by Tanner Pearson and loses puck.
8:33 of 3rd period - Patrick Maroon is hit by Vladimir Zharkov and loses puck.
8:42 of 3rd period - Vladimir Sobotka is hit by William Colbert.
9:11 of 3rd period - Vladimir Sobotka is hit by Cody Ceci and loses puck.
9:24 of 3rd period - Slapshot by Cédric Lalonde-McNicoll.
9:24 of 3rd period - Stopped by Michael Hutchinson with a rebound.
9:26 of 3rd period - Slapshot by Justin Williams.
9:26 of 3rd period - Stopped by Michael Hutchinson without a rebound.
9:27 of 3rd period - Justin Williams wins face-off versus Cal O'Reilly in Inferno zone.
9:38 of 3rd period - Cédric Lalonde-McNicoll is hit by Cal O'Reilly.
9:42 of 3rd period - Cédric Lalonde-McNicoll is hit by Esa Lindell and loses puck.
9:49 of 3rd period - Cal O'Reilly is hit by William Colbert and loses puck.
10:07 of 3rd period - Snap shot by Justin Williams.
10:07 of 3rd period - Stopped by Michael Hutchinson without a rebound.
10:08 of 3rd period - Dainius Zubrus wins face-off versus Vladimir Sobotka in Inferno zone.
11:20 of 3rd period - Mike Weber is hit by Matt Kassian and loses puck.
11:41 of 3rd period - Snap shot by Cédric Lalonde-McNicoll.
11:41 of 3rd period - Goal by Cédric Lalonde-McNicoll - Remparts : 6 - Inferno : 4.
11:42 of 3rd period - Dainius Zubrus wins face-off versus Vladimir Sobotka in neutral zone.
11:53 of 3rd period - Wrist shot by Alex Galchenyuk.
11:53 of 3rd period - Deflect By Dainius Zubrus.
11:53 of 3rd period - Goal by Dainius Zubrus - Remparts : 7 - Inferno : 4.
11:54 of 3rd period - Anders Lee wins face-off versus Dainius Zubrus in neutral zone.
12:19 of 3rd period - Ryan Strome is hit by Colby Robak and loses puck.
12:44 of 3rd period - Kris Russell is hit by Mathieu Brodeur and loses puck.
12:59 of 3rd period - Tyler Shattock is hit by Chris Mueller and loses puck.
13:26 of 3rd period - Snap shot by Alex Galchenyuk.
13:26 of 3rd period - Shot Misses the Net.
13:28 of 3rd period - Snap shot by Dainius Zubrus.
13:28 of 3rd period - Shot Hit the Post.
13:48 of 3rd period - Snap shot by David Ullstrom.
13:48 of 3rd period - Deflect By Vladimir Zharkov.
13:48 of 3rd period - Shot Misses the Net.
13:48 of 3rd period - Puck is out of play.
13:49 of 3rd period - Dainius Zubrus wins face-off versus Vladimir Sobotka in Remparts zone.
13:54 of 3rd period - Mathieu Brodeur is hit by Dainius Zubrus and loses puck.
14:09 of 3rd period - Guillaume Desbiens is hit by David Ullstrom and loses puck.
14:26 of 3rd period - Snap shot by Ryan Strome.
14:26 of 3rd period - Shot Misses the Net.
14:46 of 3rd period - Bryan Rust is hit by Cédric Lalonde-McNicoll and loses puck.
15:07 of 3rd period - Snap shot by Christian Folin.
15:07 of 3rd period - Shot Blocked by Dale Weise.
15:29 of 3rd period - Snap shot by Vladimir Zharkov.
15:29 of 3rd period - Stopped by Tyler Plante with a rebound.
15:31 of 3rd period - Snap shot by Vladimir Zharkov.
15:31 of 3rd period - Stopped by Tyler Plante with a rebound.
15:37 of 3rd period - Minor Penalty to Pasi Salonen for Hooking.
15:38 of 3rd period - Anders Lee wins face-off versus Max Reinhart in Remparts zone.
15:49 of 3rd period - Minor Penalty to Guillaume Desbiens for Holding.
15:50 of 3rd period - Max Reinhart wins face-off versus Anders Lee in Remparts zone.
16:16 of 3rd period - Mike Weber is hit by Kyle Palmieri and loses puck.
17:37 of 3rd period - Penalty to Pasi Salonen is over, Pasi Salonen is back on ice.
17:41 of 3rd period - Pasi Salonen is hit by Matthew Nieto and loses puck.
17:49 of 3rd period - Penalty to Guillaume Desbiens is over, Guillaume Desbiens is back on ice.
18:41 of 3rd period - Wrist shot by Justin Williams.
18:41 of 3rd period - Deflect By Cédric Lalonde-McNicoll.
18:41 of 3rd period - Stopped by Michael Hutchinson with a rebound.
19:41 of 3rd period - Icing by Patrick Maroon.
19:42 of 3rd period - Vladimir Sobotka wins face-off versus Cédric Lalonde-McNicoll in Remparts zone.
19:45 of 3rd period - Snap shot by Kyle Palmieri.
19:45 of 3rd period - Stopped by Tyler Plante with a rebound.
19:47 of 3rd period - Slapshot by Anders Lee.
19:47 of 3rd period - Stopped by Tyler Plante with a rebound.
19:49 of 3rd period - Slapshot by Esa Lindell.
19:49 of 3rd period - Shot Misses the Net.
Goals for this period are 4 for Remparts vs 2 for Inferno.
Shots for this period are 10 for Remparts vs 9 for Inferno.
Back to the Top